 Dungeon Crawl Stone Soup version 0.20-b1-2-gc5a9893 (webtiles) character file.

51 Gadfly the Shield-Bearer (level 3, -1/23 HPs)
             Began as a Gargoyle Fighter on May 21, 2017.
             Slain by an adder (3 damage)
             ... on level 2 of the Dungeon.
             The game lasted 00:01:50 (752 turns).

Gadfly the Shield-Bearer (Gargoyle Fighter)          Turns: 752, Time: 00:01:51

Health: -1/23      AC: 10    Str: 19    XL:     3   Next: 83%
Magic:  3/3        EV:  7    Int:  8    God:
Gold:   47         SH:  9    Dex: 10    Spells: 2/2 levels left

rFire    . . .     SeeInvis .   a - +0 flail
rCold    . . .     Gourm    .   c - +0 shield
rNeg     + . .     Faith    .   b - +0 scale mail
rPois    ∞         Spirit   .   (no helmet)
rElec    +         Reflect  .   (no cloak)
rCorr    .         Harm     .   (no gloves)
MR       .....                  (no boots)
Stlth    ..........             (no amulet)
Regen    0.1/turn               (no ring)
MPRegen  0.1/turn               (no ring)

@: no status effects
A: negative energy resistance 1, electricity resistance, unbreathing,
petrification resistance, rot immunity, AC +3
a: no special abilities


You were on level 2 of the Dungeon.
You were not hungry.

You visited 1 branch of the dungeon, and saw 2 of its levels.

You collected 47 gold pieces.

Inventory:

Hand Weapons
 a - a +0 flail (weapon)
Armour
 b - a +0 scale mail (worn)
 c - a +0 shield (worn)
Scrolls
 e - 2 scrolls of teleportation
 h - a scroll of fear
 j - 2 scrolls of identify
Potions
 d - a potion of might
Comestibles
 f - 3 bread rations
 i - 6 chunks of flesh


   Skills:
 + Level 3.6 Fighting
 + Level 2.7 Maces & Flails
 + Level 3.5 Armour
 + Level 4.1 Shields


You had 2 spell levels left.
You didn't know any spells.

Dungeon Overview and Level Annotations

Branches:
Dungeon (2/15)

Altars:
Qazlal

Annotations:
D:2 2 transporters


Innate Abilities, Weirdness & Mutations

You are resistant to torment.
Your stone body is resilient. (AC +3)
You are immune to poison.
You resist negative energy. (rN+)
You are resistant to electric shocks. (rElec)
You can survive without breathing.
You are immune to petrification.
You are immune to rotting.


Message History

You are too injured to fight recklessly!
You thump the rat!
You kill the rat!
You block the adder's attack.
You are too injured to fight recklessly!
Unknown command.
You hit the worm.
The worm is lightly wounded.
You block the adder's attack. The adder bites you but does no damage.
You block the worm's attack.
You closely miss the adder.
The adder is severely wounded.
You block the adder's attack. x2; The worm bites you!
* * * LOW HITPOINT WARNING * * *
You are too injured to fight recklessly!
You are too injured to fight recklessly!
You sock the worm!
The worm is heavily wounded.
The adder bites you.
You die...

......!........
..............$.!....
.......................#
.............©.........
.........#########.....
........##8.....8##...
....>.wS#.........#...
.......@#F#....#..#..###
.....(..#Zo#....#.#..<..
.....#.[#Za......©#...#.
.... ##.#..#....#.#...##
... #.#.#....#..#.....
.. #.#.$$|$[?$.#..##. .
#.##8.._.$8##..##.
#..#########......
##............<#.#


You could see an orc warrior, a bullfrog, a worm, a worker ant, an adder, an
adder zombie and a bat skeleton.

Vanquished Creatures
  An adder (D:2)
  An ooze (D:1)
  A dart slug (D:1)
  3 leopard geckos (D:1)
  A ball python (D:1)
  A giant cockroach (D:2)
  8 goblins (D:1)
  3 hobgoblins
  4 bats (D:1)
  2 frilled lizards (D:1)
  2 kobolds
  5 rats
32 creatures vanquished.

Notes
Turn   | Place    | Note
-------+----------+-------------------------------------------
     0 | D:1      | Gadfly the Gargoyle Fighter began the quest for the Orb.
     0 | D:1      | Reached XP level 1. HP: 14/14 MP: 1/1
    31 | D:1      | Reached XP level 2. HP: 12/19 MP: 2/2
   419 | D:1      | Reached XP level 3. HP: 21/23 MP: 3/3
   448 | D:1      | Reached skill level 4 in Shields
   682 | D:2      | Noticed an orc warrior
   682 | D:2      | Noticed a bullfrog
   683 | D:2      | Found a stormy altar of Qazlal.
   752 | D:2      | Slain by an adder

Skill      XL: |  1  2  3 |
---------------+----------+-----
Shields        | 4 |  4.1
Fighting       | |  3.6
Maces & Flails | |  2.7
Armour         | |  3.5

Action                   || total
-------------------------++-------
Melee: Flail             ||   114
  Use: Scroll            ||     5
       Potion            ||     2
Armor: Scale mail        ||    80
Dodge: Dodged            ||    36
Block: Shield            ||    76
